 Dungeon Crawl Stone Soup version 0.32-a0-814-g0968bab981 (webtiles) character file.

Game seed: 2385658672938669959

21 Sabo the Charlatan (level 2, -4/21 HPs)
             Began as a Coglin Artificer on Mar 23, 2024.
             Slain by a ribbon worm (8 damage)
             ... on level 2 of the Dungeon.
             The game lasted 00:03:25 (581 turns).

Sabo the Charlatan (Coglin Artificer)                Turns: 581, Time: 00:03:26

Health: -4/21      AC:  3    Str: 12    XL:     2   Next: 83%
Magic:  2/2        EV: 10    Int: 10    God:
Gold:   37         SH:  0    Dex: 14    Spells: 1/1 levels left

rFire   . . .        a - +0 club {Balvinder}
rCold   . . .        g - +0 whip {Prani}
rNeg    . . .        b - +0 leather armour
rPois   .            (no helmet)
rElec   .            (no cloak)
rCorr   .            (no gloves)
SInv    .            (no boots)
Will    .....        (amulet unavailable)
Stlth   +            (ring unavailable)
HPRegen 0.23/turn    (ring unavailable)
MPRegen 0.08/turn    (no gizmo)

%: no passive effects
@: revved
A: off-hand wielding, slow wielding, warmup strikes, no jewellery
a: Invent Gizmo


You were on level 2 of the Dungeon.
You visited 1 branch of the dungeon, and saw 2 of its levels.

You collected 37 gold pieces.

Inventory:

Hand Weapons
 a - a +0 club (weapon) {Balvinder}
 g - a +0 whip (offhand) {Prani}
Armour
 b - a +0 leather armour (worn)
Wands
 c - a wand of flame (15) (quivered)
 d - a wand of charming (15)
 e - a wand of iceblast (5)
Scrolls
 f - a scroll of immolation {unknown}
 h - a scroll of enchant armour {unknown}


   Skills:
 + Level 1.2 Fighting
 + Level 0.1 Short Blades
 + Level 0.2 Maces & Flails
 + Level 1.9 Armour
 + Level 1.1 Dodging
 + Level 0.7 Stealth
 + Level 4.8 Evocations


You had one spell level left.
You didn't know any spells.
Your spell library was empty.

Dungeon Overview and Level Annotations

Branches:
Dungeon (2/15)

Altars:


Innate Abilities, Weirdness & Mutations

You can wield a second weapon in your off-hand.
It takes a long time for you to wield or remove held weapons.
Your first few attacks do less damage.
You cannot equip rings or amulets.


Message History

The ribbon worm expels a string of sticky webbing.
The stream of webbing hits you but does no damage.
You are caught in a web!
The web tears apart.
You hit the ribbon worm but do no damage.
The ribbon worm is lightly wounded.
You barely miss the ribbon worm with your +0 club.
The ribbon worm barely misses you.
You hit the ribbon worm with your +0 whip.
The ribbon worm is lightly wounded.
You hit the ribbon worm with your +0 club.
The ribbon worm expels a string of sticky webbing.
The stream of webbing hits you but does no damage.
You are caught in a web!
You struggle to detach yourself from the web.
The ribbon worm bites you.
The web tears apart.
The ribbon worm bites you but does no damage.
You hit the ribbon worm with your +0 whip.
The ribbon worm is moderately wounded.
You barely miss the ribbon worm with your +0 club.
The ribbon worm bites you.
You barely miss the ribbon worm with your +0 club.
The ribbon worm is moderately wounded.
You hit the ribbon worm with your +0 whip.
The ribbon worm bites you.
You hit the ribbon worm with your +0 whip.
The ribbon worm is heavily wounded.
You hit the ribbon worm with your +0 club.
The ribbon worm bites you.
* * * LOW HITPOINT WARNING * * *
You hit the ribbon worm but do no damage.
The ribbon worm is severely wounded.
You hit the ribbon worm with your +0 whip.
The ribbon worm expels a string of sticky webbing.
The stream of webbing hits you but does no damage.
You are caught in a web!
You struggle to detach yourself from the web.
The web tears apart.
The ribbon worm bites you!
You die...

.#.. . ... ..
#.. #..##.w#
#.....?.##
#........#
#.#....#.##
#.....†...####
###.##..>.w@<#
#.#..####
...##.# ####
###


You could see a ribbon worm (catching breath).

Vanquished Creatures
  2 bats (D:1)
  An endoplasm (D:1)
  3 goblins
  A hobgoblin (D:2)
  4 jackals (D:1)
  2 ball pythons (D:1)
  A frilled lizard (D:1)
  A kobold (D:1)
  4 rats
19 creatures vanquished.

Notes
Turn   | Place    | Note
-------+----------+-------------------------------------------
     0 | D:1      | Sabo the Coglin Artificer began the quest for the Orb.
     0 | D:1      | Reached XP level 1. HP: 15/15 MP: 1/1
    99 | D:1      | Reached XP level 2. HP: 21/21 MP: 2/2
   158 | D:1      | Reached skill level 1 in Dodging
   581 | D:2      | Slain by a ribbon worm

Illustrated notes

Levels and vault maps discovered:
D:1:      dpeg_arrival_tiny_d, layout_rooms
D:2:      layout_basic, shapermc_ecumenical_altar_notcrosses,
          kennysheep_crisscross

Skill      XL: |  1  2 |
---------------+-------+-----
Dodging        | 1 |  1.1
Fighting       | |  1.2
Short Blades   | |  0.1
Maces & Flails | |  0.2
Armour         | |  1.9
Stealth        | |  0.7
Evocations     | |  4.8

Action                     || total
---------------------------++-------
  Melee: Club              ||    59
         Dagger            ||    36
         Whip              ||    24
 Armour: Leather armour    ||    52
  Dodge: Dodged            ||    53

Table legend: (Time is in decaauts)
 A = Elapsed time spent in this place.
 B = Non-inter-level travel time spent in this place.
 C = Inter-level travel time spent in this place.
 D = Time resting spent in this place.
 E = Time spent auto-exploring this place.
 F = Levels seen in this place.
 G = Mean time per level.
                   A        B        C        D        E       F      G
               +--------+--------+--------+--------+--------+-----+--------+
         Total |    591 |    591 |      0 |     43 |      0 |   2 |  295.5 |
       Dungeon |    591 |    591 |      0 |     43 |      0 |   2 |  295.5 |
               +--------+--------+--------+--------+--------+-----+--------+

Top non-repeatable levels by time:
     D:1: 544 daAuts
     D:2: 47 daAuts
